 Dungeon Crawl Stone Soup version 0.29-a0-323-g050149af67 (webtiles) character file.

Game seed: 12622729456654390468

9131 Morbidden the Grappler (level 11, -13/101 HPs)
             Began as a Troll Brigand on Apr 10, 2022.
             Was a Priest of Cheibriados.
             Mangled by a death knight
             ... wielding a +0 broad axe
              (25 damage)
             ... on level 10 of the Dungeon.
             The game lasted 00:14:57 (8648 turns).

Morbidden the Grappler (Troll Brigand)              Turns: 8648, Time: 00:14:57

Health: -13/101    AC: 21    Str: 29    XL:     11   Next: 19%
Magic:  14/14      EV: 10    Int: 19    God:    Cheibriados [***...]
Gold:   651        SH:  5    Dex: 19    Spells: 9/16 levels left

rFire   + + .      SeeInvis .     - Unarmed
rCold   x . .      Faith    .   (no shield)
rNeg    . . .      Spirit   .   k - +4 fire dragon scales of Ignis's Approval {rF++ rC- Will+ rCorr}
rPois   .          Reflect  +   (helmet restricted)
rElec   .          Harm     .   K - +1 cloak {Will+}
rCorr   +          Rampage  .   (gloves unavailable)
Will    ++...                   (boots unavailable)
Stlth   +.........              E - amulet of reflection
HPRegen 1.06/turn               B - +4 ring of protection
MPRegen 0.14/turn               (no ring)

@: slowed, studying Throwing, very slow
A: large, unfitting armour, claws 3, regeneration 1, shaggy fur 1, tough skin 1
a: Renounce Religion, Bend Time, Temporal Distortion


You were on level 10 of the Dungeon.
You worshipped Cheibriados.
Cheibriados was most pleased with you.
You visited 2 branches of the dungeon, and saw 11 of its levels.

You collected 651 gold pieces.

Inventory:

Hand Weapons
 b - a +1 arbalest of flaming
Missiles
 c - 4 atropa-tipped darts
 d - 34 poisoned darts (quivered)
 e - 4 curare-tipped darts
 p - 5 throwing nets
 u - 2 boomerangs of dispersal
Armour
 k - the +4 fire dragon scales of Ignis's Approval (worn) {rF++ rC- Will+ rCorr}
   (You found it on level 4 of the Dungeon)

   rF:        It greatly protects you from fire.
   rC:        It makes you vulnerable to cold.
   rCorr:     It protects you from acid and corrosion.
   Will:      It increases your willpower.
 K - a +1 cloak of willpower (worn)
Jewellery
 B - a +4 ring of protection (left claw)
 E - an amulet of reflection (around neck)
 F - a ring of fire
Wands
 v - a wand of digging (5)
 w - a wand of polymorph (7)
 A - a wand of acid (5)
 H - a wand of iceblast (14)
Scrolls
 f - a scroll of enchant armour {unknown}
 j - 2 scrolls of torment {unknown}
 l - 3 scrolls of identify
 m - 2 scrolls of immolation
 o - 2 scrolls of fear {unknown}
 q - 2 scrolls of summoning {unknown}
 t - 3 scrolls of teleportation {unknown}
 I - a scroll of magic mapping {unknown}
 J - a scroll of amnesia {unknown}
Potions
 a - 5 potions of haste {unknown}
 g - 4 potions of cancellation {unknown}
 h - 2 potions of heal wounds {unknown}
 i - 3 potions of lignification {unknown}
 n - 5 potions of curing {unknown}
 r - 4 potions of degeneration {unknown}
 s - a potion of magic {unknown}
 x - 2 potions of attraction {unknown}
 z - a potion of might
 C - a potion of ambrosia {unknown}
 D - a potion of mutation {unknown}


   Skills:
 * Level 4.5 Fighting
 - Level 1.5 Short Blades
 + Level 2.0 Crossbows
 * Level 8.0 Throwing
 + Level 3.5 Armour
 * Level 4.8 Dodging
 + Level 2.8 Stealth
 + Level 1.0 Shields
 * Level 9.8 Unarmed Combat
 * Level 3.1 Spellcasting
 * Level 1.9 Transmutations
 * Level 2.3 Air Magic
 * Level 2.6 Invocations


You had 9 spell levels left.
You knew the following spells:

 Your Spells              Type           Power      Damage    Failure   Level
a - Storm Form            Tmut/Air       5%         N/A       100%        7

Your spell library contained the following spells:

 Spells                   Type           Power      Damage    Failure   Level
 Apportation              Tloc           4%         N/A       36%         1
 Passwall                 Tmut/Erth      5%         N/A       36%         2
 Swiftness                Air            11%        N/A       38%         3
 Ensorcelled Hibernation  Hex/Ice        4%         N/A       50%         2
 Dazzling Flash           Conj/Hex       4%         N/A       73%         3
 Summon Lightning Spire   Summ/Air       7%         N/A       92%         4
 Iskenderun's Mystic Bla  Conj/Tloc      2%         2d3       98%         4
 Silence                  Hex/Air        3%         N/A       99%         5
 Agony                    Necr           2%         N/A       100%        5
 Alistair's Intoxication  Tmut/Pois      4%         N/A       100%        5
 Starburst                Conj/Fire      1%         6d3       100%        6
 Maxwell's Capacitive Co  Air            5%         ∞         100%        8


Dungeon Overview and Level Annotations

Branches:
Dungeon (10/15)            Temple (1/1) D:7            Lair (0/6) D:10
    Orc: D:9-12

Altars:
Ashenzari
Cheibriados
Dithmenos
Elyvilon
Fedhas
Gozag
Hepliaklqana
Kikubaaqudgha
Makhleb
Nemelex Xobeh
Okawaru
Qazlal
Ru
Sif Muna
Trog
Uskayaw
Vehumet
Wu Jian
Xom
Yredelemnul
Zin
The Shining One

Annotations:
D:4 2 runed translucent doors
D:10 3 runed translucent doors, Morbidden's ghost, journeyman DsFi; Shaidar's ghost, journeyman MiBe; Slaatcain's ghost, novice MiFi; T7k8fj9's ghost, journeyman DsFi; oberejnoburuli's ghost, novice HuHu


Innate Abilities, Weirdness & Mutations

You are too large for most types of armour.
You have claws for hands.
Your natural rate of healing is unusually fast.
You are covered in fur. (AC +1)
You have tough skin. (AC +1)


Message History

The phantasmal warrior closely misses you.
The death knight is engulfed in blazing flames.
Flame seeps out of the death knight.
The death knight barely misses you.
The death knight reflects your damage back at you!
Unknown command.
You barely miss the death knight.
The death knight is moderately wounded.
The phantasmal warrior barely misses you.
The death knight is engulfed in blazing flames.
Flame seeps out of the death knight.
The death knight hits you but does no damage.
The death knight reflects your damage back at you!
You scratch the death knight but do no damage.
The death knight is moderately wounded.
The phantasmal warrior hits you but does no damage.
You block the death knight's attack.
The death knight invokes the aid of Yredelemnul against you.
You resist with almost no effort.
The phantasmal warrior completely misses you.
You closely miss the death knight.
The death knight is moderately wounded.
The phantasmal warrior hits you but does no damage.
The death knight hits you with a +0 broad axe!!
Unknown command.
You mangle the death knight!!
Flame seeps out of the death knight.
The death knight is heavily wounded.
The death knight reflects your damage back at you!
You block the phantasmal warrior's attack.
The death knight is engulfed in blazing flames.
Flame seeps out of the death knight.
The death knight hits you with a +0 broad axe.
The death knight reflects your damage back at you!
You scratch the death knight but do no damage.
The death knight is severely wounded.
The phantasmal warrior hits you!!
* * * LOW HITPOINT WARNING * * *
The death knight is engulfed in blazing flames.
Flame seeps out of the death knight.
The death knight hits you with a +0 broad axe!!
You die...

## ##.. #.. ##'######
###. #.......# ..... .
#.......# +.....
..(.#####(......# #.....
...(WWp@W(......# #.....
....#######.))..####....
. #...).....##....
#..P........#....
...........P.......
#..(....>..........
##..........P..####
##........P..##
##.$.......##


You could see a death knight (inner flame, reflects damage), a phantasmal
warrior (inner flame), a freezing wraith and a wraith (inner flame).

Vanquished Creatures
  Joseph (D:7)
  An elephant (D:10)
  Maurice (D:9)
  A freezing wraith (D:10)
  A troll (D:9)
  2 hornets
  Prince Ribbit (D:7)
  3 slime creatures (D:9)
  A shadow (D:9)
  Sigmund (D:6)
  2 yaks
  A wyvern (D:9)
  A basilisk (D:10)
  Grum (D:9)
  A steam dragon (D:8)
  An acid dragon (D:10)
  3 black bears
  2 water moccasins (D:9)
  4 orc warriors
  2 ice beasts
  A sky beast (D:8)
  4 wolves (D:9)
  3 ogres
  3 centaurs
  A phantom (D:4)
  3 kobold brigands
  5 bullfrogs
  2 gnoll sergeants
  6 scorpions
  11 wights
  5 killer bees
  2 oklob saplings (D:9)
  An electric eel (D:8)
  6 howler monkeys
  A vampire bat (D:3)
  5 orc priests
  3 gnoll shamans
  A hound (D:7)
  A jelly (D:5)
  Natasha (thrice) (D:3)
  5 iguanas
  8 orc wizards
  11 adders
  14 gnolls
  A shadow imp (D:6)
  3 white imps (D:7)
  2 worms
  8 dart slugs
  30 orcs
  4 bat skeletons (D:3)
  2 bat zombies (D:3)
  7 endoplasms
  5 giant cockroaches
  9 goblins
  6 hobgoblins
  12 jackals
  22 kobolds
  4 quokkas
  11 ball pythons
  7 bats
  5 frilled lizards
  5 rats
279 creatures vanquished.

Vanquished Creatures (others)
  A bush (D:9)
  10 plants (D:9)
11 creatures vanquished.

Grand Total: 290 creatures vanquished

Notes
Turn   | Place    | Note
-------+----------+-------------------------------------------
     0 | D:1      | Morbidden the Troll Brigand began the quest for the Orb.
     0 | D:1      | Reached XP level 1. HP: 19/19 MP: 0/0
   143 | D:1      | Reached XP level 2. HP: 27/27 MP: 1/1
   241 | D:1      | Reached skill level 1 in Dodging
   455 | D:1      | Reached XP level 3. HP: 32/35 MP: 2/2
   908 | D:2      | Reached skill level 1 in Unarmed Combat
  1209 | D:2      | Reached XP level 4. HP: 39/42 MP: 3/3
  1508 | D:2      | Found a stormy altar of Qazlal.
  1747 | D:3      | Reached skill level 2 in Unarmed Combat
  1779 | D:3      | Found an iron altar of Okawaru.
  1779 | D:3      | Found a bloodstained altar of Trog.
  2018 | D:3      | Found an ancient bone altar of Kikubaaqudgha.
  2048 | D:3      | Reached XP level 5. HP: 49/49 MP: 4/4
  2074 | D:3      | Found a faded altar of an unknown god.
  2087 | D:3      | Noticed Natasha
  2098 | D:3      | Killed Natasha
  2303 | D:3      | Noticed Natasha
  2320 | D:3      | Killed Natasha
  2349 | D:3      | Noticed Natasha
  2357 | D:3      | Killed Natasha
  2358 | D:3      | Reached skill level 3 in Unarmed Combat
  2518 | D:4      | Reached XP level 6. HP: 57/57 MP: 6/6
  2573 | D:4      | Found a radiant altar of Vehumet.
  2657 | D:4      | Found a large runed translucent door.
  2657 | D:4      | Found a large runed translucent door.
  2666 | D:4      | Noticed a yak
  2688 | D:4      | Reached skill level 1 in Spellcasting
  2688 | D:4      | Found a large runed translucent door.
  2688 | D:4      | Found a large runed translucent door.
  2738 | D:4      | Killed a yak
  2739 | D:4      | Reached skill level 4 in Unarmed Combat
  2739 | D:4      | Reached XP level 7. HP: 66/66 MP: 7/7
  2746 | D:4      | Identified the +4 fire dragon scales of Ignis's Approval
                  | {rF++ rC- Will+ rCorr}
  2797 | D:4      | Found a glowing silver altar of Zin.
  3127 | D:4      | Reached skill level 5 in Unarmed Combat
  3362 | D:5      | Entered Level 5 of the Dungeon
  3400 | D:5      | Reached XP level 8. HP: 60/74 MP: 9/9
  3528 | D:5      | Reached skill level 1 in Armour
  3619 | D:5      | Reached skill level 6 in Unarmed Combat
  4434 | D:6      | You fall into a shaft and drop 2 floors!
  4511 | D:7      | Noticed Joseph
  4511 | D:7      | Noticed Prince Ribbit
  4523 | D:7      | Killed Joseph
  4524 | D:7      | Reached skill level 7 in Unarmed Combat
  4524 | D:7      | Reached XP level 9. HP: 76/83 MP: 11/11
  4546 | D:7      | Killed Prince Ribbit
  4656 | D:7      | Reached skill level 8 in Unarmed Combat
  4807 | D:7      | Reached skill level 5 in Throwing
  4923 | D:6      | Learned a level 7 spell: Storm Form
  5033 | D:6      | Noticed Sigmund
  5063 | D:6      | Killed Sigmund
  5449 | D:7      | Found a staircase to the Ecumenical Temple.
  5478 | Temple   | Entered the Ecumenical Temple
  5637 | Temple   | Became a worshipper of Cheibriados the Contemplative
  5659 | D:7      | Reached skill level 1 in Crossbows
  5659 | D:7      | Reached skill level 1 in Air Magic
  6089 | D:8      | Reached XP level 10. HP: 92/92 MP: 12/12
  6391 | D:8      | Reached * piety under Cheibriados
  6435 | D:8      | Reached skill level 1 in Invocations
  7267 | D:9      | Reached skill level 9 in Unarmed Combat
  7378 | D:9      | Found a shadowy altar of Dithmenos.
  7391 | D:9      | Reached skill level 1 in Transmutations
  7402 | D:9      | Noticed Grum
  7422 | D:9      | Killed Grum
  7440 | D:9      | Reached ** piety under Cheibriados
  7708 | D:9      | Noticed Maurice
  7722 | D:9      | Killed Maurice
  7879 | D:9      | Reached *** piety under Cheibriados
  7937 | D:9      | Reached XP level 11. HP: 100/101 MP: 14/14
  8419 | D:10     | Entered Level 10 of the Dungeon
  8449 | D:10     | Found a runed translucent gate.
  8449 | D:10     | Found a runed translucent gate.
  8449 | D:10     | Found a runed translucent gate.
  8461 | D:10     | Noticed Shaidar's ghost (journeyman MiBe)
  8461 | D:10     | Noticed Morbidden's ghost (journeyman DsFi)
  8461 | D:10     | Noticed oberejnoburuli's ghost (novice HuHu)
  8461 | D:10     | Noticed T7k8fj9's ghost (journeyman DsFi)
  8462 | D:10     | Noticed Slaatcain's ghost (novice MiFi)
  8566 | D:10     | Reached skill level 1 in Shields
  8588 | D:10     | Found a staircase to the Lair.
  8637 | D:10     | Noticed a death knight
  8639 | D:10     | Noticed a phantasmal warrior
  8648 | D:10     | Mangled by a death knight

Illustrated notes

Levels and vault maps discovered:
D:1:      lightli_arrival_statuegarden, layout_loops_ring
D:2:      minmay_alternating_diamond, layout_loops_ring, basic_altar,
          kennysheep_minor_cross
D:3:      layout_basic, grunt_temple_overflow_bloody_war,
          kennysheep_vampire_church, hellmonk_ecumenical_altar_lost_god,
          uniq_natasha
D:4:      layout_rooms, nicolae_overflow_crystal_walls, lemuel_round_altar,
          minmay_hollow_rounded_squares
D:5:      layout_loops_ring, minmay_between
D:6:      layout_basic, uniq_sigmund
D:7:      layout_loops_ring, minmay_temple_entry_ruins, minmay_manual_mail,
          uniq_prince_ribbit1, uniq_joseph
D:8:      layout_basic, nrook_pool_corridor
D:9:      layout_basic, grunt_dithmenos_smoke, serial_glass, glass_columns_a,
          glass_columns_a, glass_columns_b, minivault_5,
          introduction_to_nature_2, uniq_grum, uniq_maurice
D:10:     layout_roguey, david_lair_generic, special_room [special_room_orc],
          gammafunk_ghost_cemetery, minmay_statues_item
Temple:   regret_index_temple_sphere_string

Skill      XL: |  1  2  3  4  5  6  7  8  9 10 11 |
---------------+----------------------------------+-----
Throwing       | 2 3 4 5 7 8 |  8.0
Dodging        | 1 2 3 4 |  4.8
Unarmed Combat | 1 2 3 4 5 7 8 9 |  9.8
Fighting       | 2 3 4 |  4.5
Spellcasting   | 1 2 3 |  3.1
Armour         | 2 3 |  3.5
Crossbows      | 1 2 |  2.0
Air Magic      | 1 2 |  2.3
Invocations    | 2 |  2.6
Transmutations | 1 |  1.9
Shields        | 1 |  1.0
Short Blades   | |  1.5
Stealth        | |  2.8

Action                   |  1- 3 |  4- 6 |  7- 9 | 10-12 || total
-------------------------+-------+-------+-------+-------++-------
Melee: Dagger            |    10 |       |       |       ||    10
       Unarmed           |   103 |   187 |   300 |   280 ||   870
       Punch             |       |     5 |    13 |    11 ||    29
 Fire: Arbalest          |       |       |    17 |    56 ||    73
Throw: Dart              |     1 |     4 |    35 |    40 ||    80
       Javelin           |       |       |       |     4 ||     4
  Use: Potion            |       |     1 |       |       ||     1
       Scroll            |       |       |       |     5 ||     5
 Stab: Sleeping          |     5 |     7 |       |       ||    12
       Distracted        |       |     1 |       |       ||     1
Armor: Robe              |    62 |    69 |       |       ||   131
       Fire dragon scale |       |       |   194 |   139 ||   333
Dodge: Dodged            |    61 |   127 |   107 |   107 ||   402
Block: Other             |       |       |    13 |    65 ||    78
       Reflection        |       |       |       |     1 ||     1

Table legend: (Time is in decaauts)
 A = Elapsed time spent in this place.
 B = Non-inter-level travel time spent in this place.
 C = Inter-level travel time spent in this place.
 D = Time resting spent in this place.
 E = Time spent auto-exploring this place.
 F = Levels seen in this place.
 G = Mean time per level.
                   A        B        C        D        E       F      G
               +--------+--------+--------+--------+--------+-----+--------+
         Total |   9495 |   9168 |    327 |    685 |   6347 |  11 |  863.2 |
       Dungeon |   9323 |   9007 |    316 |    685 |   6226 |  10 |  932.3 |
        Temple |    172 |    161 |     11 |      0 |    121 |   1 |  172.0 |
               +--------+--------+--------+--------+--------+-----+--------+

Top non-repeatable levels by time:
     D:9: 2071 daAuts
     D:8: 1043 daAuts
     D:3: 984 daAuts
     D:7: 921 daAuts
     D:4: 890 daAuts
     D:5: 857 daAuts
     D:1: 772 daAuts
     D:2: 770 daAuts
     D:6: 704 daAuts
    D:10: 307 daAuts
  Temple: 172 daAuts
